 Dungeon Crawl Stone Soup version 0.27.0-1-g7a089689b8 (webtiles) character file.

Game seed: 5322248542402892515

294664 rjrrt the Slayer (level 20, -11/198 HPs)
             Began as a Minotaur Berserker on Aug 11, 2021.
             Was the Champion of Trog.
             Shot with an arrow by a centaur warrior (19 damage)
             ... on level 2 of the Vaults on Aug 12, 2021.
             The game lasted 01:40:25 (39421 turns).

rjrrt the Slayer (Minotaur Berserker)              Turns: 39421, Time: 01:40:26

Health: -11/198    AC: 26    Str: 30    XL:     20   Next: 4%
Magic:  28/28      EV: 15    Int: 11    God:    Trog [******]
Gold:   1864       SH:  5    Dex:  5    Spells: 19/19 levels left

rFire    + . .     SeeInvis .   a - +8 mithril axe "Arga" {speed, Will+}
rCold    + . .     Faith    .   (no shield)
rNeg     . . .     Spirit   .   B - +1 chain mail {rF+}
rPois    +         Reflect  +   d - +2 hat
rElec    +         Harm     .   C - +0 cloak of Ompow {rPois rCorr Dex+2}
rCorr    +         Rampage  .   W - +2 pair of gloves "Siuwni" {rElec MP+9 Int+7 Dex-3}
Will     ++...                  q - +2 pair of boots {Stlth+}
Stlth    ..........             J - amulet of reflection
HPRegen  0.43/turn              t - ring of the Sun {+Blink rC+ Dex-5 Slay+2 Stlth+}
MPRegen  0.21/turn              j - +4 ring of evasion

@: marked
A: horns 2, retaliatory headbutt
}: 2/15 runes: decaying, gossamer
a: Renounce Religion, Evoke Blink, Berserk, Trog's Hand, Brothers in Arms


You were on level 2 of the Vaults.
You worshipped Trog.
Trog was exalted by your worship.
You visited 7 branches of the dungeon, and saw 34 of its levels.
You visited 1 bazaar.
You also visited: Bailey and Gauntlet.

You collected 6469 gold pieces.
You spent 4605 gold pieces at shops.

Inventory:

Hand Weapons
 a - the +8 mithril axe "Arga" (weapon) {speed, Will+}
   (You found it in a bailey)

   Attacks with this weapon are significantly faster.
   Will:      It increases your willpower.
 b - the +8 storm bow {elec, penet}
   (You bought it in a shop on level 13 of the Dungeon)

   Any ammunition fired from it occasionally discharges a powerful burst of
   electricity upon striking a foe.
   Any ammunition fired by it passes through the targets it hits, potentially
   hitting all targets in its path until it reaches maximum range.
 c - a +4 demon trident of freezing
 f - a +3 battleaxe of flaming
Missiles
 g - 495 arrows
 z - 3 throwing nets (quivered)
Armour
 d - a +2 hat (worn)
 q - a +2 pair of boots of stealth (worn)
 B - a +1 chain mail of fire resistance (worn)
 C - the +0 cloak of Ompow (worn) {rPois rCorr Dex+2}
   (You found it on level 1 of the Lair of Beasts)

   Dex:       It affects your dexterity (+2).
   rPois:     It protects you from poison.
   rCorr:     It protects you from acid and corrosion.
 W - the +2 pair of gloves "Siuwni" (worn) {rElec MP+9 Int+7 Dex-3}
   (You found it on level 2 of the Spider Nest)

   Int:       It affects your intelligence (+7).
   Dex:       It affects your dexterity (-3).
   rElec:     It insulates you from electricity.
   MP:        It affects your magic capacity (+9).
Jewellery
 j - a +4 ring of evasion (right hand)
 t - the ring of the Sun (left hand) {+Blink rC+ Dex-5 Slay+2 Stlth+}
   (You found it on level 6 of the Dungeon)

   [ring of protection from cold]

   Dex:       It affects your dexterity (-5).
   Slay:      It affects your accuracy & damage with ranged weapons and melee
   (+2).
   rC:        It protects you from cold.
   +Blink:    It lets you blink.
   Stlth:     It makes you more stealthy.
 F - a ring of positive energy
 I - an amulet of regeneration
 J - an amulet of reflection (around neck)
Wands
 r - a wand of iceblast (33)
 x - a wand of paralysis (3)
 y - a wand of acid (12)
 A - a wand of charming (4)
 L - a wand of digging (11)
 M - a wand of flame (18)
 T - a wand of mindburst (57)
Scrolls
 e - 6 scrolls of fear
 k - 11 scrolls of teleportation
 s - 6 scrolls of enchant weapon
 v - a scroll of summoning
 w - 31 scrolls of identify
 E - 3 scrolls of magic mapping
 G - 3 scrolls of enchant armour
 H - 2 scrolls of fog
 K - a scroll of brand weapon
 O - 2 scrolls of blinking
 Q - a scroll of silence
Potions
 h - 4 potions of mutation
 i - 7 potions of lignification
 l - 20 potions of curing
 m - 9 potions of attraction
 n - 12 potions of haste
 o - 7 potions of resistance
 p - 2 potions of flight
 u - 7 potions of might
 D - 3 potions of cancellation
 N - 9 potions of heal wounds
 P - 2 potions of berserk rage
 R - 3 potions of invisibility
 S - 15 potions of ambrosia
Miscellaneous
 U - a box of beasts
 V - a phantom mirror


   Skills:
 + Level 21.0 Fighting
 + Level 21.0 Axes
 * Level 18.9 Bows
 + Level 16.4 Armour
 + Level 12.2 Dodging
 - Level 5.4 Shields
 - Level 10.0 Evocations


You had 19 spell levels left.
You didn't know any spells.
Your spell library was empty.

Dungeon Overview and Level Annotations

Branches:
Dungeon (15/15)            Temple (0/1) D:5            Lair (6/6) D:9
  Swamp (4/4) Lair:3       Spider (4/4) Lair:3        Slime (0/5) Lair:6
    Orc (2/2) D:11            Elf (0/3) Orc:2        Vaults (2/5) D:14
  Crypt (0/3) Vaults:2     Depths (1/5) D:15         Bailey (visited)
Gauntlet (visited)

Altars:
Elyvilon

Shops:
D:3 !   D:4 !   D:7 !   D:8 *   D:13 (   Orc:2 :=*?[   Vaults:1 *

Portals:
Hell: Depths:1

Annotations:
D:6 2 transporters, Calibrex's ghost, novice DsGl
D:8 2 transporters, SnakkuSnakku7's ghost, novice VSBe
Lair:2 3 runed translucent doors, rjrrt's ghost, journeyman MiMo


Innate Abilities, Weirdness & Mutations

You have a pair of horns on your head.
You reflexively headbutt those who attack you in melee.


Message History

The centaur warrior shoots an arrow.
The arrow hits you!!
You slice the ironbound convoker!!
You kill the ironbound convoker!
Trog accepts your kill.
Trog appreciates your killing of a magic user.
The centaur warrior shoots an arrow.
The arrow hits you but does no damage.
The centaur warrior shoots an arrow.
You reflect the arrow off an invisible shield around you!
The arrow hits the centaur warrior!!
The centaur warrior shoots an arrow.
The arrow hits you!!
The centaur warrior shoots an arrow.
The arrow hits you.
The centaur warrior shoots an arrow.
The arrow closely misses you.
Unknown command.
Unknown command.
Unknown command.
The centaur warrior shoots an arrow.
The arrow hits you!
The centaur warrior shoots an arrow.
The arrow hits you.
The centaur warrior shoots an arrow.
The arrow hits you.
The centaur warrior shoots an arrow.
The arrow misses you.
The centaur warrior shoots an arrow.
The arrow hits you!
The stone giant throws a large rock.
The large rock hits you!
The centaur warrior shoots an arrow.
The arrow closely misses you.
You open the large door.
There is a large open door here.
The centaur warrior shoots an arrow.
The arrow hits you!
* * * LOW HITPOINT WARNING * * *
The centaur warrior shoots an arrow.
The arrow barely misses you.
The centaur warrior shoots an arrow.
The arrow hits you!
* * * LOW HITPOINT WARNING * * *
The centaur warrior shoots an arrow.
The arrow hits you but does no damage.
The centaur warrior shoots an arrow.
The arrow hits you!
* * * LOW HITPOINT WARNING * * *
The centaur warrior shoots an arrow.
The arrow misses you.
The centaur warrior shoots an arrow.
The arrow hits you!
* * * LOW HITPOINT WARNING * * *
The centaur warrior shoots an arrow.
The arrow closely misses you.
The stone giant throws a large rock.
The large rock hits you!!
* * * LOW HITPOINT WARNING * * *
The centaur warrior shoots an arrow.
The arrow hits you!!
You die...

# #...........#..#......#..# #
#...#cC######..#......#.[#
########...#.......#..#......#..#
#......#...#.......#..#......#..#
#......'...#.......#..#......#..#
#......#...#....>..'..#......#..'
#......#...#.......##'###''###+##
#......#...#.......#†)..........#
#......#...##+##@###............#
########...........#............#
#...........#............#
#...........#####+########
########.........................
.................................
.................................
......^..........................
.................................


You could see a stone giant and a centaur warrior.

Vanquished Creatures
  The ghost of tamionv the Wallflower, an adept GrFi of Uskayaw (Vaults:2)
  Asterion (Spider:3)
  Gastronok (Lair:1)
  A sphinx (Vaults:1)
  A tengu reaver (Vaults:1)
  Donald (Swamp:3)
  The ghost of Xoiryclao the Executioner, an adept MiGl of Trog (Spider:2)
  Kirke (Spider:3)
  3 fenstrider witches
  A fire giant (Vaults:1)
  5 ghost moths
  Aizul (Swamp:4)
  5 emperor scorpions
  Louise (Swamp:1)
  2 vault wardens (Vaults:1)
  8 ironbound preservers
  4 very ugly things (Vaults:1)
  3 spectral caustic shrikes (Depths:1)
  A stone giant (Vaults:2)
  A war gargoyle (Vaults:2)
  3 entropy weavers
  Azrael (Spider:3)
  8 bunyips
  A minotaur (Gauntlet)
  5 dire elephants
  A spark wasp (Spider:4)
  Snorg (Lair:5)
  A deep elf death mage (Vaults:1)
  4 eleionomae
  3 ettins
  2 fire dragons
  3 jiangshi (Depths:1)
  4 shambling mangroves
  4 yaktaur captains
  3 ironbound thunderhulks
  2 great orbs of eyes
  2 catoblepae
  An ice dragon (Depths:1)
  32 hydras
  Harold (Lair:1)
  9 boulder beetles
  8 ironbound frosthearts
  2 spriggan air magi (Swamp:3)
  6 alligators
  An ogre mage (D:15)
  10 centaur warriors
  2 ghost crabs
  A two-headed ogre (D:15)
  2 death knights (Vaults:2)
  Erica (Lair:2)
  A tengu warrior (D:14)
  A vampire mage (Depths:1)
  Urug (Lair:1)
  9 death yaks
  4 orc high priests
  4 spriggan berserkers
  3 ironbound beastmasters
  6 spriggans
  A fire crab (shapeshifter) (Vaults:2)
  5 skeletal warriors (D:12)
  2 shadow wraiths
  9 swamp dragons
  2 goliath frogs (Swamp:1)
  A death drake (Swamp:3)
  26 deep trolls
  6 wizards
  3 bog bodies
  3 spriggan druids
  3 deep elf pyromancers
  19 orb spiders
  6 orc knights
  7 ironbound convokers
  An obsidian statue (Gauntlet)
  2 lindwurms
  3 orc sorcerers (Orc:2)
  A phantasmal warrior (Vaults:1)
  4 oklob plants (Lair:1)
  17 ugly things
  37 wolf spiders
  4 will-o-the-wisps
  A necromancer (Vaults:2)
  5 manticores
  8 harpies
  A salamander (D:15)
  2 cyclopes
  6 elephants
  5 black mambas
  2 moths of wrath
  6 vault sentinels
  7 cane toads
  2 molten gargoyles (Lair:6)
  2 torpor snails
  3 gargoyles
  4 unseen horrors
  3 kobold demonologists
  4 yaktaurs
  An efreet (D:15)
  14 demonic crawlers
  A rime drake (Lair:3)
  A freezing wraith (D:15)
  9 komodo dragons
  33 jumping spiders
  3 tengu conjurers
  3 meliai (Spider:1)
  A merfolk (D:15)
  A queen bee (Spider:1)
  7 trolls
  A meliai (shapeshifter) (D:14)
  6 tyrant leeches
  30 hornets
  9 blink frogs
  6 polar bears
  15 slime creatures
  4 dream sheep (Lair:6)
  Grinder (D:3)
  A meliai zombie (D:10)
  6 flying skulls (Gauntlet)
  57 redbacks
  8 water elementals
  35 tarantellas
  3 fire elementals (Spider:3)
  5 wyverns
  64 yaks
  Eustachio (D:5)
  6 hogs (Spider:3)
  5 basilisks
  A human (shapeshifter) (D:13)
  Grum (Lair:1)
  4 steam dragons
  4 acid dragons
  13 vampire mosquitoes
  12 swamp worms
  6 wargs
  8 water moccasins
  6 hell hounds
  24 orc warriors
  7 swamp drakes
  A black bear (D:7)
  11 ogres
  A necrophage (D:7)
  13 centaurs
  21 wolves
  2 kobold brigands
  13 bullfrogs
  7 scorpions
  A water moccasin skeleton (D:6)
  A jelly (D:5)
  16 killer bees (Spider:1)
  9 wights
  3 howler monkeys
  5 electric eels
  6 centaur zombies
  5 lava snakes (Lair:6)
  A bullfrog zombie (D:5)
  5 hounds
  9 orc priests
  A centaur skeleton (D:7)
  Crazy Yiuf (D:3)
  Natasha (thrice) (D:3)
  15 orc wizards
  A mummy (D:5)
  2 howler monkey zombies
  Robin (D:3)
  A gnoll (Bailey)
  2 adders (D:2)
  A howler monkey skeleton (D:4)
  An ufetubus (D:6)
  2 adder skeletons (D:4)
  A worm (D:3)
  58 orcs
  6 ball pythons
  12 endoplasms
  A giant cockroach (D:1)
  24 goblins
  14 hobgoblins
  13 jackals
  6 quokkas
  7 bats
  2 frilled lizards
  37 kobolds
  3 rats (D:2)
  A bush (D:2)
  4 plants (Lair:1)
  A withered plant (Gauntlet)
1193 creatures vanquished.

Vanquished Creatures (collateral kills)
  Mara (Swamp:4)
  A fenstrider witch (Swamp:2)
  An emperor scorpion (Spider:4)
  2 spectral caustic shrikes (Depths:1)
  A bunyip (Swamp:2)
  A yaktaur captain (Vaults:1)
  A shambling mangrove (Swamp:2)
  A hydra (Lair:6)
  2 centaur warriors (Vaults:1)
  2 death yaks (Lair:6)
  A glowing orange brain (Depths:1)
  A wizard (Vaults:1)
  A wolf spider (Spider:4)
  A vault sentinel (Vaults:1)
  2 yaktaurs (Vaults:1)
  A komodo dragon (Lair:6)
  A jumping spider (Spider:4)
  A hornet (Swamp:3)
  A blink frog (Lair:6)
  2 redbacks (Spider:4)
  A spriggan (Swamp:3)
26 creatures vanquished.

Vanquished Creatures (others)
  A bloated husk (Swamp:4)
  A jumping spider (Spider:4)
  A redback (Spider:4)
  An orc (Orc:2)
  20 foxfires
  34 fungi
  64 plants
  4 withered plants (Gauntlet)
126 creatures vanquished.

Grand Total: 1345 creatures vanquished

Notes
Turn   | Place    | Note
-------+----------+-------------------------------------------
     0 | D:1      | rjrrt the Minotaur Berserker began the quest for the Orb.
     0 | D:1      | Reached XP level 1. HP: 19/19 MP: 0/0
     2 | D:1      | Noticed a formicid
     4 | D:1      | Noticed an ogre
     4 | D:1      | Noticed an octopode
     6 | D:1      | Noticed a tengu
     8 | D:1      | Noticed a vine stalker
     8 | D:1      | Noticed a demonspawn
    10 | D:1      | Noticed a draconian
    10 | D:1      | Noticed a gargoyle
    12 | D:1      | Noticed a palentonga
    12 | D:1      | Noticed a djinni
    14 | D:1      | Noticed a spriggan
    14 | D:1      | Noticed a dwarf
    16 | D:1      | Noticed a naga
    16 | D:1      | Noticed a merfolk
    18 | D:1      | Noticed a ghoul
    18 | D:1      | Noticed a human
    20 | D:1      | Noticed an elf
    20 | D:1      | Noticed a felid
    22 | D:1      | Noticed a vampire
    22 | D:1      | Noticed a minotaur
    24 | D:1      | Noticed a barachi
    24 | D:1      | Noticed a demigod
    26 | D:1      | Noticed a troll
    71 | D:1      | Reached XP level 2. HP: 26/26 MP: 1/1
   301 | D:1      | Reached skill level 5 in Axes
   482 | D:1      | Reached ** piety under Trog
   483 | D:1      | Reached XP level 3. HP: 23/31 MP: 2/2
   820 | D:2      | Found a faded altar of an unknown god.
   948 | D:2      | Reached XP level 4. HP: 37/39 MP: 3/3
  1566 | D:2      | Identified 2 scrolls of acquirement
  1566 | D:2      | Acquired 1042 gold pieces
  1568 | D:2      | Acquired 335 gold pieces
  1691 | D:3      | Found a runed translucent door.
  1692 | D:3      | Noticed Crazy Yiuf
  1700 | D:3      | Killed Crazy Yiuf
  1788 | D:3      | Noticed Natasha
  1796 | D:3      | Killed Natasha
  1860 | D:3      | Noticed Natasha
  1865 | D:3      | Killed Natasha
  1866 | D:3      | Reached XP level 5. HP: 45/45 MP: 4/4
  1884 | D:3      | Noticed Robin
  1889 | D:3      | Reached *** piety under Trog
  1897 | D:3      | Killed Robin
  1998 | D:3      | Noticed Natasha
  2003 | D:3      | Killed Natasha
  2084 | D:3      | You fall into a shaft and drop 3 floors!
  2093 | D:6      | Found a transporter.
  2093 | D:6      | Noticed Calibrex's ghost (novice DsGl)
  2111 | D:6      | Noticed a centaur
  2113 | D:6      | Noticed an orc warrior
  2120 | D:6      | Killed a centaur
  2121 | D:6      | Reached XP level 6. HP: 32/51 MP: 5/5
  2121 | D:6      | Noticed an orc warrior
  2128 | D:6      | Killed an orc warrior
  2137 | D:6      | Killed an orc warrior
  2138 | D:6      | Reached XP level 7. HP: 14/57 MP: 6/6
  2682 | D:6      | Acquired 835 gold pieces
  2685 | D:5      | Entered Level 5 of the Dungeon
  2690 | D:5      | Reached skill level 10 in Axes
  2806 | D:5      | Noticed a yak
  2827 | D:4      | Reached skill level 5 in Fighting
  2856 | D:5      | Noticed a yak
  2857 | D:5      | Noticed a yak
  2857 | D:5      | Noticed a yak
  2859 | D:5      | Noticed a yak
  2866 | D:4      | Killed a yak
  3033 | D:4      | Found Mopuscho's Distillery.
  3046 | D:4      | Bought a potion of curing for 39 gold pieces
  3046 | D:4      | Bought a potion of degeneration for 13 gold pieces
  3046 | D:4      | Bought a potion of heal wounds for 65 gold pieces
  3046 | D:4      | Bought a potion of attraction for 39 gold pieces
  3131 | D:3      | Reached XP level 8. HP: 70/70 MP: 7/7
  3264 | D:3      | Found Naeteuck's Distillery.
  3276 | D:3      | Bought 3 potions of haste for 330 gold pieces
  3276 | D:3      | Bought 2 potions of resistance for 220 gold pieces
  3276 | D:3      | Bought a potion of flight for 33 gold pieces
  3283 | D:3      | Noticed Grinder
  3289 | D:3      | Killed Grinder
  4204 | D:5      | Found a staircase to the Ecumenical Temple.
  4249 | D:5      | Reached skill level 1 in Evocations
  4265 | D:5      | Noticed Eustachio
  4287 | D:5      | Killed Eustachio
  4288 | D:5      | Reached skill level 5 in Armour
  4383 | D:5      | Reached XP level 9. HP: 44/81 MP: 8/8
  5082 | D:6      | Reached **** piety under Trog
  5101 | D:6      | Acquired a +2 pair of boots of stealth
  5215 | D:6      | Found a transporter.
  5254 | D:6      | Identified the ring of the Sun {+Blink rC+ Dex-5 Slay+2
                  | Stlth+}
  5561 | D:7      | Found a flagged portal.
  5561 | D:7      | Noticed a troll
  5572 | D:7      | Killed a troll
  5733 | Bailey   | Entered a bailey
  6021 | Bailey   | Noticed an orc knight
  6045 | Bailey   | Killed an orc knight
  6056 | Bailey   | Reached skill level 10 in Fighting
  6106 | Bailey   | Found the +8 mithril axe "Arga" {speed, Will+}
  6633 | D:7      | Reached XP level 10. HP: 93/93 MP: 9/9
  6905 | D:8      | Found a transporter.
  6905 | D:8      | Noticed SnakkuSnakku7's ghost (novice VSBe)
  7126 | D:7      | Found a white marble altar of Elyvilon.
  7133 | D:7      | Found Baschoch's Distillery.
  7158 | D:7      | Reached ***** piety under Trog
  7358 | D:8      | Found Ydyomiri's Assorted Antiques.
  7368 | D:8      | Bought a scroll labelled ATEBIUMYOT for 19 gold pieces
  7426 | D:8      | Found a transporter.
  7622 | D:9      | Found a staircase to the Lair.
  7882 | D:9      | Reached skill level 5 in Evocations
  8575 | Lair:1   | Entered Level 1 of the Lair of Beasts
  8575 | Lair:1   | Noticed Urug
  8587 | Lair:1   | Killed Urug
  8760 | Lair:1   | Reached XP level 11. HP: 82/104 MP: 10/10
  8954 | Lair:1   | Noticed Harold
  8962 | Lair:1   | Killed Harold
  8966 | Lair:1   | Identified the +0 cloak of Ompow {rPois rCorr Dex+2}
  9217 | Lair:1   | Noticed Grum
  9232 | Lair:1   | Killed Grum
  9240 | Lair:1   | Reached skill level 15 in Axes
  9294 | Lair:1   | Noticed Gastronok
  9308 | Lair:1   | Killed Gastronok
  9497 | Lair:1   | Noticed an oklob plant
  9497 | Lair:1   | Noticed an oklob plant
  9811 | Lair:2   | Noticed Erica
  9817 | Lair:2   | Killed Erica
  9902 | Lair:2   | Received a gift from Trog
  9907 | Lair:2   | Reached skill level 10 in Armour
 10101 | Lair:2   | Noticed rjrrt's ghost (journeyman MiMo)
 10108 | Lair:2   | Found a runed translucent gate.
 10108 | Lair:2   | Found a runed translucent gate.
 10109 | Lair:2   | Found a runed translucent gate.
 10170 | Lair:2   | Noticed a catoblepas
 10171 | Lair:2   | Noticed a five-headed hydra
 10540 | Lair:3   | Noticed a catoblepas
 10563 | Lair:3   | Killed a catoblepas
 10568 | Lair:3   | Reached XP level 12. HP: 90/116 MP: 11/11
 10840 | Lair:3   | Found a staircase to the Swamp.
 10992 | Lair:3   | Found a hole to the Spider Nest.
 11179 | Lair:3   | Identified the +6 quarterstaff "Sozaf" {vorpal, rCorr
                  | Str+4}
 11504 | Lair:4   | Noticed a seven-headed hydra
 11851 | Lair:4   | Killed a seven-headed hydra
 11852 | Lair:4   | Reached skill level 1 in Shields
 12072 | Lair:5   | Noticed a death yak
 12072 | Lair:5   | Noticed a death yak
 12072 | Lair:5   | Noticed a death yak
 12078 | Lair:5   | Killed a death yak
 12081 | Lair:5   | Killed a death yak
 12084 | Lair:5   | Killed a death yak
 12085 | Lair:5   | Reached skill level 15 in Fighting
 12222 | Lair:5   | Noticed Snorg
 12239 | Lair:5   | Killed Snorg
 13029 | Lair:6   | Entered Level 6 of the Lair of Beasts
 13029 | Lair:6   | Found a gate leading to a gauntlet.
 13029 | Lair:6   | Noticed a death yak
 13029 | Lair:6   | Noticed a death yak
 13029 | Lair:6   | Noticed a death yak
 13038 | Lair:6   | Killed a death yak
 13038 | Lair:6   | Killed a death yak
 13039 | Lair:6   | Reached XP level 13. HP: 127/127 MP: 12/12
 13039 | Lair:6   | Received a gift from Trog
 13352 | Gauntlet | Entered a Gauntlet
 13352 | Gauntlet | Found a transporter.
 13607 | Gauntlet | Found a runed translucent door.
 13611 | Gauntlet | Found a transporter.
 13612 | Gauntlet | Found a transporter.
 13613 | Gauntlet | Found a transporter.
 13621 | Gauntlet | Found a transporter.
 13624 | Gauntlet | Found a transporter.
 13625 | Gauntlet | Found a transporter.
 13633 | Gauntlet | Found a transporter.
 13636 | Gauntlet | Found a transporter.
 13637 | Gauntlet | Found a transporter.
 13641 | Gauntlet | Noticed a dire elephant
 13645 | Gauntlet | Found a transporter.
 13648 | Gauntlet | Found a transporter.
 13649 | Gauntlet | Found a transporter.
 13657 | Gauntlet | Found a transporter.
 13950 | Gauntlet | Identified the +8 short sword of Bufer {drain, rElec rF+
                  | Str+4 Dex-3}
 13973 | Gauntlet | Killed a dire elephant
 14136 | Gauntlet | Noticed a minotaur
 14144 | Gauntlet | Killed a minotaur
 14297 | Lair:6   | Reached skill level 5 in Dodging
 14466 | Lair:6   | Reached XP level 14. HP: 138/138 MP: 13/13
 14774 | Lair:6   | Found a large runed translucent door.
 14775 | Lair:6   | Found a large runed translucent door.
 14790 | Lair:6   | Received a gift from Trog
 15027 | Lair:6   | Found a staircase to the Slime Pits.
 15439 | D:10     | Entered Level 10 of the Dungeon
 16638 | D:11     | Found a staircase to the Orcish Mines.
 16821 | Orc:1    | Entered Level 1 of the Orcish Mines
 17393 | Orc:2    | Entered Level 2 of the Orcish Mines
 17405 | Orc:2    | Found Dellev's Antique Armour Shop.
 17457 | Orc:2    | Received a gift from Trog
 17579 | Orc:2    | Found a staircase to the Elven Halls.
 18391 | Orc:2    | Found Xisynt's Magic Scroll Shop.
 18391 | Orc:2    | Found Bopsuang's Book Emporium.
 18393 | Orc:2    | Found Rauxkim's Assorted Antiques.
 18393 | Orc:2    | Found Viseuk's Jewellery Emporium.
 18400 | Orc:2    | Bought a scroll of blinking for 112 gold pieces
 18402 | Orc:2    | Bought a smoky white potion for 25 gold pieces
 18636 | D:12     | Reached XP level 15. HP: 59/147 MP: 14/14
 18890 | Orc:2    | Bought a shiny kite shield for 202 gold pieces
 19443 | D:13     | Identified the +6 battleaxe of Amortisation {vorpal, rPois}
                  | (Trog gifted it to you on level 13 of the Dungeon)
 19443 | D:13     | Received a gift from Trog
 19482 | D:13     | Found Mafoyzxid's Antique Weapon Shoppe.
 20743 | D:14     | Found a gate to the Vaults.
 20757 | D:14     | Reached skill level 5 in Shields
 21778 | D:15     | Entered Level 15 of the Dungeon
 21933 | D:13     | Bought the +8 storm bow {elec, penet} for 1804 gold pieces
 21933 | D:13     | Found the +8 storm bow {elec, penet}
 22187 | D:15     | Reached skill level 1 in Bows
 22330 | D:15     | Found a staircase to the Depths.
 23535 | Swamp:1  | Entered Level 1 of the Swamp
 23872 | Swamp:1  | Noticed Louise
 23883 | Swamp:1  | Reached skill level 5 in Bows
 23896 | Swamp:1  | Killed Louise
 23897 | Swamp:1  | Reached XP level 16. HP: 157/157 MP: 15/15
 24290 | Swamp:2  | Paralysed by a fenstrider witch for 6 turns
 24293 | Swamp:2  | Reached skill level 10 in Evocations
 24692 | Swamp:2  | Reached skill level 15 in Armour
 24822 | Swamp:2  | Reached skill level 10 in Dodging
 25992 | Swamp:4  | Entered Level 4 of the Swamp
 26068 | Swamp:4  | Noticed Aizul
 26077 | Swamp:4  | Killed Aizul
 26078 | Swamp:4  | Reached skill level 10 in Bows
 26270 | Swamp:4  | Noticed Mara
 26285 | Swamp:4  | Killed Mara
 26363 | Swamp:4  | Received a gift from Trog
 26493 | Swamp:4  | Noticed Donald
 26609 | Swamp:3  | Killed Donald
 26610 | Swamp:3  | Reached XP level 17. HP: 52/168 MP: 16/16
 27619 | Swamp:4  | Got a decaying rune of Zot
 27749 | Spider:1 | Entered Level 1 of the Spider Nest
 27861 | Spider:1 | Received a gift from Trog
 28763 | Spider:2 | Identified the +3 broad axe of Summertime {vorpal, rPois
                  | rC+++ Int-3 Dex-2} (Trog gifted it to you on level 2 of the
                  | Spider Nest)
 28763 | Spider:2 | Received a gift from Trog
 29012 | Spider:2 | Found a runed translucent gate.
 29013 | Spider:2 | Found a runed translucent gate.
 29014 | Spider:2 | Found a runed translucent gate.
 29570 | Spider:2 | Noticed Xoiryclao's ghost (adept MiGl)
 29652 | Spider:2 | Killed Xoiryclao's ghost
 29653 | Spider:2 | Reached skill level 15 in Bows
 29750 | Spider:2 | Identified the +2 pair of gloves "Siuwni" {rElec MP+9 Int+7
                  | Dex-3}
 29909 | Spider:3 | Noticed Kirke
 29920 | Spider:3 | Noticed Asterion
 29933 | Spider:3 | Killed Kirke
 29934 | Spider:3 | Reached XP level 18. HP: 82/158 MP: 17/17
 29937 | Spider:3 | Killed Asterion
 29983 | Spider:3 | Noticed Azrael
 30089 | Spider:3 | Killed Azrael
 30180 | Spider:3 | Reached ****** piety under Trog
 31415 | Spider:4 | Entered Level 4 of the Spider Nest
 31472 | Spider:4 | Identified the +8 hand axe "Hysuh" {vorpal, +Blink rC+}
                  | (Trog gifted it to you on level 4 of the Spider Nest)
 31472 | Spider:4 | Received a gift from Trog
 31744 | Spider:4 | Paralysed by a hornet for 1 turns
 32352 | Spider:4 | Paralysed by a hornet for 1 turns
 33000 | Spider:4 | Got a gossamer rune of Zot
 33660 | Depths:1 | Entered Level 1 of the Depths
 33923 | Depths:1 | Found a gateway to Hell.
 34508 | Vaults:1 | Entered Level 1 of the Vaults
 34508 | Vaults:1 | Found a gateway to a bazaar.
 34516 | Bazaar   | Entered a bazaar
 34534 | Bazaar   | Found Macwofuw's Armour Shoppe.
 34558 | Bazaar   | Found Agos Gul's Distillery.
 34558 | Bazaar   | Found Yzxoblan's Distillery.
 34580 | Bazaar   | Found Refuogan's Distillery.
 34580 | Bazaar   | Found Cyeriop's Jewellery Emporium.
 34618 | Bazaar   | Bought a potion of haste for 150 gold pieces
 34618 | Bazaar   | Bought a potion of haste for 150 gold pieces
 34618 | Bazaar   | Bought a potion of heal wounds for 75 gold pieces
 34618 | Bazaar   | Bought a potion of haste for 150 gold pieces
 34618 | Bazaar   | Bought a potion of heal wounds for 75 gold pieces
 34618 | Bazaar   | Bought a potion of heal wounds for 75 gold pieces
 34636 | Bazaar   | Bought a potion of heal wounds for 75 gold pieces
 34636 | Bazaar   | Bought a potion of resistance for 150 gold pieces
 34642 | Bazaar   | Bought a potion of haste for 140 gold pieces
 34642 | Bazaar   | Bought 2 potions of heal wounds for 140 gold pieces
 34642 | Bazaar   | Bought a potion of cancellation for 112 gold pieces
 34642 | Bazaar   | Bought 2 potions of might for 112 gold pieces
 34660 | Bazaar   | Bought a potion of might for 60 gold pieces
 34660 | Bazaar   | Bought a potion of invisibility for 120 gold pieces
 34660 | Bazaar   | Bought a potion of cancellation for 120 gold pieces
 35232 | Vaults:1 | Reached XP level 19. HP: 179/187 MP: 18/18
 35306 | Vaults:1 | Found Vybrie Ufeto's General Store.
 35393 | Vaults:1 | Received a gift from Trog
 37658 | Vaults:1 | Identified the +5 hand axe of Losoonk {vorpal, Fly rElec
                  | Int-2 Stlth-} (Trog gifted it to you on level 1 of the
                  | Vaults)
 37658 | Vaults:1 | Received a gift from Trog
 38440 | Vaults:2 | Found a staircase to the Crypt.
 38519 | Vaults:2 | Found a runed translucent door.
 38521 | Vaults:2 | Noticed tamionv's ghost (adept GrFi)
 38549 | Vaults:2 | Killed tamionv's ghost
 38971 | Vaults:2 | Noticed a Tzitzimitl
 39377 | Vaults:2 | Reached XP level 20. HP: 165/195 MP: 19/19
 39421 | Vaults:2 | HP: 8/198 [stone giant/large rock (25)]
 39421 | Vaults:2 | Shot with an arrow by a centaur warrior

Illustrated notes

Levels and vault maps discovered:
D:1:      kb_arrival_jail, layout_rooms
D:2:      layout_basic, hellmonk_ecumenical_altar_blasted, minmay_hedge_maze,
          minmay_cut_off
D:3:      layout_basic, serial_shops, nicolae_diamond_shop, uniq_robin,
          uniq_crazy_yiuf_cottage, uniq_grinder, uniq_natasha
D:4:      layout_rooms, serial_shops, nicolae_stop_n_shop_1
D:5:      layout_gridville, minmay_temple_entry_junction,
          gup_ossuary_entry_pyramid, eino_small_chamber_without_monster,
          uniq_eustachio, uniq_sigmund
D:6:      layout_cave_pools, gammafunk_ghost_arena, serial_rivers,
          chequers_serial_rivers_small_b, chequers_serial_rivers_room_a,
          chequers_serial_rivers_large_b, chequers_serial_rivers_small_a,
          small_statue_intersection, minmay_manual_monstrance
D:7:      layout_basic, mainiacjoe_overflow_boulevard, serial_shops,
          kennysheep_little_box, enter_bailey_4, minmay_crystal_room,
          grunt_ministairs_12
D:8:      layout_rooms, gammafunk_ghost_mausoleum, serial_shops, shop
D:9:      layout_basic, erik_lair_orcish_takeover, hex_large
D:10:     layout_roguey
D:11:     layout_long_grid, orc_0_dummy, kennysheep_big_empty_room,
          nicolae_straight_to_the_point
D:12:     layout_basic
D:13:     layout_cave_pods, serial_shops, nicolae_inconvenience_store
D:14:     layout_layer_cave, skrybe_vaults_entry_preservation
D:15:     hangedman_depths_entry_try_elsewhere_first, layout_basic
Lair:1:   minmay_lair_oklob_tunnel, layout_regular_city,
          cheibrodos_lair_lostbears, uniq_grum, uniq_gastronok, uniq_harold,
          uniq_urug
Lair:2:   layout_loops_ring, gammafunk_ghost_split, minivault_11,
          cheibrodos_lair_reptile_den, uniq_erica
Lair:3:   layout_regular_city, minmay_swamp_entry_worms,
          spider_nest_entry_web_field, lemuel_fruit_tree
Lair:4:   layout_misc_corridors, grunt_megastairs_5, infiniplex_staircase_pool_2
Lair:5:   layout_small_grid, chequers_serial_rivers_room_b,
          serial_bayou_lagoon_b, uniq_snorg
Lair:6:   cheibrodos_lair_end_hotspot, layout_gridlike, dpeg_slime_entry_corner,
          gauntlet_entry_generic
Swamp:1:  layout_basic_swamp, evilmike_swamp_ruin_house_3, swamp_pool2,
          uniq_louise
Swamp:2:  layout_falls_marsh, hangedman_swamp_ruin_hall, swamp_pool4
Swamp:3:  layout_basic_swamp, evilmike_swamp_ruin_house_5, swamp_pool1,
          grunt_witch_cave
Swamp:4:  swamp_basic_johnstein, layout_basic_swamp, swamp_pool1, uniq_aizul,
          uniq_donald, uniq_mara
Spider:1: spiders_nest_scorpion_pit, special_room [special_room_bee]
Spider:2: nicolae_spider_hall_of_the_moth_king, gammafunk_ghost_tricky_traps
Spider:3: layout_chambers, nicolae_spider_moth_buddies, uniq_kirke, uniq_azrael,
          uniq_asterion
Spider:4: grunt_spider_rune_parallel
Orc:1:    cheibrodos_orc_bank, layout_diamond_mine
Orc:2:    grunt_orc_tribal_feast, layout_caves, serial_shops, shop
Vaults:1: v_rooms_2, nicolae_vaults_quadrants, v_pattern_2,
          nicolae_vaults_inception_corners, v_rooms_4, nicolae_vaults_big_ls,
          dpeg_vaults_monster_row, vaults_room_stairs_pillars,
          vaults_room_hallway, vaults_room_mumra_shop_pool,
          layout_vaults_big_cross, serial_shops, bzr_entry_islet
Vaults:2: ebering_vaults_ghost_reflecting_pool, v_misc_2, v_rooms_6,
          vaults_room_door_hall, nicolae_vaults_windows_and_doors_thing,
          hangedman_vaults_stagger, v_rooms_1, blue_anna_dwarven_crypt,
          nicolae_vaults_little_squares_3, vaults_room_stairs_pillars,
          layout_vaults_quadrants
Depths:1: layout_cave_shapes, hangedman_abyss_or_decor_passed,
          ploomutoo_gammafunk_ghost_potion_laboratory, pf_hell_entry_tar_river,
          minmay_orc_keep, minmay_shoptagon

Skill      XL: |  1  2  3  4  5  6  7  8  9 10 11 12 13 14 15 16 17 18 19 20 |
---------------+-------------------------------------------------------------+-----
Axes           | 4 5 6 7 8 9 10 11 13 14 15 17 18 19 20 21 | 21.0
Fighting       | 5 8 10 12 13 15 16 17 18 19 20 21 | 21.0
Armour         | 4 5 7 8 10 11 12 13 14 15 16 | 16.4
Evocations     | 2 4 5 6 8 9 10 | 10.0
Shields        | 3 4 5 |  5.4
Dodging        | 5 7 9 10 12 | 12.2
Bows           | 5 11 15 17 18 | 18.9

Action                   |  1- 3 |  4- 6 |  7- 9 | 10-12 | 13-15 | 16-18 | 19-21 || total
-------------------------+-------+-------+-------+-------+-------+-------+-------++-------
Melee: Hand axe          |    67 |   112 |    44 |       |       |       |       ||   223
       Headbutt          |    13 |    34 |    47 |    60 |   276 |   309 |   124 ||   863
       War axe           |       |       |   139 |       |       |       |       ||   139
       Broad axe         |       |       |    14 |   370 |   847 |   995 |   515 ||  2741
       Demon trident     |       |       |       |     3 |   146 |   298 |       ||   447
 Fire: Longbow           |       |       |       |       |    22 |    26 |       ||    48
Throw: Boomerang         |       |       |    46 |       |    10 |       |       ||    56
       Dart              |       |       |     5 |       |       |       |       ||     5
       Throwing net      |       |       |       |       |       |     1 |       ||     1
Invok: Berserk           |       |     3 |     4 |     7 |     4 |     9 |       ||    27
       Brothers in Arms  |       |       |       |     1 |     1 |    10 |     1 ||    13
       Trog's Hand       |       |       |       |       |     4 |     3 |     3 ||    10
Evoke: Wand              |       |       |       |     2 |     5 |     1 |       ||     8
  Use: Scroll            |       |     6 |     9 |     4 |     8 |     7 |       ||    34
       Potion            |       |       |       |       |     1 |     2 |     1 ||     4
 Stab: Petrified         |       |       |       |     3 |    10 |       |       ||    13
       Petrifying        |       |       |       |       |     1 |       |       ||     1
       Distracted        |       |       |       |       |       |     3 |       ||     3
Armor: Animal skin       |     3 |       |       |       |       |       |       ||     3
       Leather armour    |    14 |    14 |       |       |       |       |       ||    28
       Chain mail        |       |       |    91 |       |   294 |   812 |   138 ||  1335
       Plate armour      |       |       |     5 |   159 |   160 |       |       ||   324
       Skin              |       |       |       |       |     4 |       |       ||     4
Dodge: Dodged            |    46 |    54 |    89 |    77 |   282 |   671 |   152 ||  1371
Block: Buckler           |       |       |       |     6 |    97 |       |       ||   103
       Other             |       |       |       |       |       |    17 |    44 ||    61
       Reflection        |       |       |       |       |       |     1 |     3 ||     4
